 Dungeon Crawl Stone Soup version 0.29-a0-847-g24c0ca63c9 (webtiles) character file.

Game seed: 2378224473928415794

109 KristoblXynda the Trooper (level 4, 0/40 HPs)
             Began as a Draconian Monk on July 16, 2022.
             Slain by Pikel
             ... wielding a +1 whip of flaming
              (7 damage)
             ... on level 3 of the Dungeon.
             The game lasted 00:03:21 (3108 turns).

KristoblXynda the Trooper (Draconian Monk)          Turns: 3108, Time: 00:03:22

Health: 0/40       AC: 11    Str: 15    XL:     4   Next: 60%
Magic:  4/4        EV: 13    Int: 11    God:
Gold:   92         SH:  0    Dex: 13    Spells: 3/3 levels left

rFire   + . .      SeeInvis .     - Unarmed
rCold   . . .      Faith    .   (no shield)
rNeg    . . .      Spirit   .   (body armour unavailable)
rPois   .          Reflect  .   (helmet restricted)
rElec   .          Harm     .   c - +0 cloak
rCorr   .          Rampage  .   i - +0 pair of gloves
Will    .....                   (no boots)
Stlth   ++........              (no amulet)
HPRegen 0.13/turn               n - ring of protection from fire
MPRegen 0.09/turn               p - +4 ring of protection

@: no status effects
A: AC +5, unfitting armour, cold-blooded
a: no special abilities


You were on level 3 of the Dungeon.
You visited 1 branch of the dungeon, and saw 4 of its levels.

You collected 125 gold pieces.
You spent 33 gold pieces at shops.

Inventory:

Armour
 c - a +0 cloak (worn)
 i - a +0 pair of gloves (worn)
Jewellery
 g - a ring of protection from cold
 n - a ring of protection from fire (left hand)
 p - a +4 ring of protection (right hand)
Scrolls
 b - a scroll of amnesia {unknown}
 d - a scroll of poison {unknown}
 h - a scroll of summoning {unknown}
 j - a scroll of fear {unknown}
 l - a scroll of teleportation {unknown}
 m - 2 scrolls of noise {unknown}
 r - a scroll of vulnerability {unknown}
Potions
 a - a potion of ambrosia
 e - a potion of haste
 k - a potion of mutation
 o - 3 potions of curing


   Skills:
 + Level 4.2 Fighting
 + Level 3.4 Dodging
 - Level 2.2 Stealth
 + Level 3.9 Unarmed Combat


You had 3 spell levels left.
You didn't know any spells.
Your spell library contained the following spells:

 Spells                   Type           Power      Damage    Failure   Level
 Scorch                   Fire           0%         2d5       47%         2
 Flame Wave               Conj/Fire      0%         2d4       98%         4
 Summon Cactus Giant      Summ           0%         N/A       100%        6


Dungeon Overview and Level Annotations

Branches:
Dungeon (4/15)
 Temple: D:4-7

Altars:
Cheibriados
Fedhas
Trog
Yredelemnul

Shops:
D:1 *   D:3 !

Annotations:
D:3 Pikel
D:4 Eustachio


Innate Abilities, Weirdness & Mutations

Your plain brown scales are hard. (AC +5)
You cannot fit into any form of body armour.
You are cold-blooded and may be slowed by cold attacks.


Message History

Pikel is heavily wounded.
Pikel hits you with a +1 whip of flaming.
You barely miss Pikel.
Your tail-slap misses Pikel.
Pikel is heavily wounded.
Pikel barely misses you.
You hit Pikel. Your punch misses Pikel.
Pikel is heavily wounded.
Pikel hits you but does no damage.
You completely miss Pikel.
Pikel is heavily wounded.
You hit Pikel.
Pikel is severely wounded.
Pikel hits you with a +1 whip of flaming.
You hit Pikel but do no damage. You tail-slap Pikel.
Pikel is severely wounded.
Pikel barely misses you.
You closely miss Pikel. You tail-slap Pikel, but do no damage.
Pikel is severely wounded.
Pikel closely misses you.
You closely miss Pikel.
Pikel is severely wounded.
Pikel barely misses you.
You barely miss Pikel.
Pikel is severely wounded.
Pikel hits you with a +1 whip of flaming!
Pikel burns you.
You closely miss Pikel.
Pikel is severely wounded.
Pikel hits you with a +1 whip of flaming.
You closely miss Pikel.
Pikel is severely wounded.
Pikel hits you with a +1 whip of flaming.
You hit Pikel.
Your tail-slap misses Pikel.
Pikel is severely wounded.
Pikel hits you with a +1 whip of flaming.
* * * LOW HITPOINT WARNING * * *
You closely miss Pikel.
Pikel is severely wounded.
Pikel hits you with a +1 whip of flaming!
You die...

..#.##.#.#.....#.........##.#.#
....##.#.#.#..........._....#.#
..##.....#.#[###+#+#..........#
.........#.#.#................#
##.#....##.#........_..⌠.._...###
#..........###.<.................
#..#...#######.................##
...#.........#.#'#'#..._.......##
##)#..######.#.#@#.###.........'.
...#..# #...#.#K#.# #.........##
......# #.###.#.#.# #.###.#####
#####.####.#.....#+###.# #.# #
#......#.#.##......# #.#
############)#..'...######.#
'............####......<...#
###########.....##..########
................(...########


You could see Pikel.

Vanquished Creatures
  A lemure (D:3)
  An orc wizard (D:3)
  An adder (D:2)
  A dart slug (D:1)
  8 orcs (D:3)
  3 endoplasms
  2 giant cockroaches
  5 goblins
  7 hobgoblins
  6 jackals
  9 kobolds
  3 quokkas
  6 ball pythons
  3 frilled lizards
  4 rats
60 creatures vanquished.

Vanquished Creatures (others)
  An orc wizard (D:3)
1 creature vanquished.

Grand Total: 61 creatures vanquished

Notes
Turn   | Place    | Note
-------+----------+-------------------------------------------
     0 | D:1      | KristoblXynda the Draconian Monk began the quest for the
                  | Orb.
     0 | D:1      | Reached XP level 1. HP: 19/19 MP: 1/1
   420 | D:1      | Reached XP level 2. HP: 24/26 MP: 2/2
   449 | D:1      | Found Zesyoqi's General Store.
   804 | D:2      | Reached XP level 3. HP: 33/33 MP: 3/3
  1197 | D:3      | Found a basalt altar of Yredelemnul.
  1198 | D:3      | Found a bloodstained altar of Trog.
  1198 | D:3      | Found a blossoming altar of Fedhas.
  1201 | D:3      | Found a snail-covered altar of Cheibriados.
  1345 | D:3      | Reached skill level 4 in Fighting
  1370 | D:3      | Reached XP level 4. HP: 8/40 MP: 4/4
  1754 | D:3      | Found Dainoc's Distillery.
  1761 | D:3      | Bought a potion of curing for 33 gold pieces
  2766 | D:4      | Noticed Eustachio
  2790 | D:4      | Noticed Pikel
  2790 | D:4      | Noticed a lemure
  2790 | D:4      | Noticed a lemure
  2790 | D:4      | Noticed a lemure
  2791 | D:4      | Noticed a lemure
  2825 | D:3      | Killed a lemure
  3108 | D:3      | Slain by Pikel

Illustrated notes

Levels and vault maps discovered:
D:1:      minmay_arrival_split_and_join, layout_basic, serial_shops,
          nicolae_shop_stone
D:2:      layout_rooms
D:3:      layout_basic, grunt_temple_overflow_open, serial_shops, shop,
          chequers_avenue
D:4:      layout_rooms, minmay_crossroads, uniq_eustachio, uniq_pikel,
          uniq_duvessa, uniq_grinder

Skill      XL: |  1  2  3 |
---------------+----------+-----
Stealth        | 2 |  2.2
Dodging        | 3 |  3.4
Fighting       | 4 |  4.2
Unarmed Combat | |  3.9

Action                   |  1- 3 |  4- 6 || total
-------------------------+-------+-------++-------
Melee: Unarmed           |   183 |   158 ||   341
       Tailslap          |    25 |    18 ||    43
       Punch             |     5 |     4 ||     9
  Use: Scroll            |       |     3 ||     3
       Potion            |       |     2 ||     2
 Stab: Sleeping          |     5 |     1 ||     6
       Distracted        |       |     1 ||     1
Armor: Skin              |    54 |    62 ||   116
Dodge: Dodged            |   109 |    50 ||   159

Table legend: (Time is in decaauts)
 A = Elapsed time spent in this place.
 B = Non-inter-level travel time spent in this place.
 C = Inter-level travel time spent in this place.
 D = Time resting spent in this place.
 E = Time spent auto-exploring this place.
 F = Levels seen in this place.
 G = Mean time per level.
                   A        B        C        D        E       F      G
               +--------+--------+--------+--------+--------+-----+--------+
         Total |   3064 |   2967 |     97 |    733 |   1673 |   4 |  766.0 |
       Dungeon |   3064 |   2967 |     97 |    733 |   1673 |   4 |  766.0 |
               +--------+--------+--------+--------+--------+-----+--------+

Top non-repeatable levels by time:
     D:3: 1853 daAuts
     D:1: 739 daAuts
     D:2: 448 daAuts
     D:4: 23 daAuts
